 Dungeon Crawl Stone Soup version 0.28-a0-1404-g4df0f3684d (webtiles) character file.

Game seed: 15343721682382332973

41 AttackTheMoon the Ducker (level 3, -1/17 HPs)
             Began as a Felid Monk on Jan 5, 2022.
             Slain by a kobold (5 damage)
             ... on level 2 of the Dungeon.
             The game lasted 00:00:58 (1487 turns).

AttackTheMoon the Ducker (Felid Monk)               Turns: 1487, Time: 00:00:59

Health: -1/17      AC:  1    Str:  7    XL:     3   Next: 32%
Magic:  5/5        EV: 19    Int: 13    God:
Gold:   63         SH:  0    Dex: 18    Spells: 4/4 levels left
                                        Lives:  0   Deaths: 0

rFire   . . .      SeeInvis +     - Unarmed
rCold   . . .      Faith    .   (shield unavailable)
rNeg    . . .      Spirit   .   (armour unavailable)
rPois   .          Reflect  .   (helmet unavailable)
rElec   .          Harm     .   (cloak unavailable)
rCorr   .          Rampage  .   (gloves unavailable)
Will    .....                   (boots unavailable)
Stlth   +++.......              (no amulet)
HPRegen 0.05/turn               (no ring)
MPRegen 0.09/turn               (no ring)

@: quick
A: very small, claws 1, fangs 3, see invisible, speed 1, shaggy fur 1, stealthy
paws, no weapons or thrown items, no armour, multi-lived
a: no special abilities


You were on level 2 of the Dungeon.
You visited 1 branch of the dungeon, and saw 2 of its levels.

You collected 63 gold pieces.

Inventory:

Potions
 a - 2 potions of flight {unknown}


   Skills:
 + Level 3.4 Fighting
 + Level 4.5 Dodging
 + Level 3.5 Stealth
 - Level 3.0 Unarmed Combat
 + Level 1.1 Spellcasting


You had 4 spell levels left.
You didn't know any spells.
Your spell library was empty.

Dungeon Overview and Level Annotations

Branches:
Dungeon (2/15)

Altars:


Innate Abilities, Weirdness & Mutations

You have sharp claws.
You have razor-sharp teeth.
You have supernaturally acute eyesight. (SInv)
You cover ground quickly. (Speed+)
You are covered in fur. (AC +1)
Your paws help you pounce on unaware monsters.
You are incapable of wielding weapons or throwing items.
You cannot wear armour.
You gain extra lives every three experience levels.


Message History

The orc is heavily wounded.
The quokka misses you. The orc hits you with a +0 war axe.
A kobold comes into view. It is wielding a +0 club.
You closely miss the orc. You claw the orc.
The orc is severely wounded.
The quokka twitches its whiskers.
The quokka closely misses you. The orc closely misses you.
You scratch the orc but do no damage.
The orc is severely wounded.
The quokka misses you. The orc barely misses you.
You closely miss the orc.
The orc is severely wounded.
The quokka barely misses you. The orc barely misses you.
The kobold throws a stone.
The stone misses you. The quokka misses you.
You closely miss the orc.
The orc is severely wounded.
The quokka completely misses you. The orc completely misses you.
You scratch the orc.
The orc is almost dead.
The quokka closely misses you. The orc hits you with a +0 war axe.
You scratch the orc.
You kill the orc!
The quokka misses you.
You scratch the kobold but do no damage.
The quokka completely misses you. The kobold misses you.
The hobgoblin hits you.
You closely miss the kobold. The quokka barely misses you.
The kobold barely misses you. The hobgoblin hits you.
* * * LOW HITPOINT WARNING * * *
You are too injured to fight recklessly!
You are too injured to fight recklessly!
You are too injured to fight recklessly!
You are too injured to fight recklessly!
You are too injured to fight recklessly!
You are too injured to fight recklessly!
You are too injured to fight recklessly!
You are too injured to fight recklessly!
The quokka completely misses you. The hobgoblin completely misses you.
The kobold hits you with a +0 club.
You die...

......# ..≈≈≈..
..$_≈.. ..≈≈≈..
..... ##...#######
###..?Kg.....#
......r@# #.#
..####..# #.#
#..####.# #..##[..#
#..##.#.#
#.##..#.#..#####.##
#......###....>....
#.#.....###......#
.. ##...###.#######


You could see a quokka, a hobgoblin and a kobold.

Vanquished Creatures
  A dart slug (D:1)
  An orc (D:2)
  A ball python (D:1)
  4 endoplasms (D:1)
  5 giant cockroaches
  2 goblins
  4 hobgoblins (D:1)
  6 bats (D:1)
  A frilled lizard (D:1)
  5 kobolds (D:1)
  5 rats (D:1)
35 creatures vanquished.

Notes
Turn   | Place    | Note
-------+----------+-------------------------------------------
     0 | D:1      | AttackTheMoon the Felid Monk began the quest for the Orb.
     0 | D:1      | Reached XP level 1. HP: 10/10 MP: 2/2
    73 | D:1      | Reached XP level 2. HP: 14/14 MP: 3/3
   758 | D:1      | Reached skill level 1 in Spellcasting
   763 | D:1      | Reached XP level 3. HP: 8/17 MP: 5/5
  1474 | D:2      | Found a faded altar of an unknown god.
  1487 | D:2      | Slain by a kobold

Illustrated notes

Levels and vault maps discovered:
D:1:      eino_arrival_tree_alley, layout_basic, serial_corexii_hall,
          corexii_hall_statues_i, corexii_hall_statues_l
D:2:      layout_loops_ring, hellmonk_ecumenical_altar_pennies_from_heaven,
          grunt_ministairs_4, uniq_sigmund

Skill      XL: |  1  2 |
---------------+-------+-----
Stealth        | 3 |  3.5
Spellcasting   | 1 |  1.1
Fighting       | |  3.4
Dodging        | |  4.5
Unarmed Combat | |  3.0

Action                   || total
-------------------------++-------
Melee: Unarmed           ||    96
       Punch             ||     5
       Bite              ||     3
  Use: Scroll            ||     1
 Stab: Sleeping          ||     6
Armor: Skin              ||     2
Dodge: Dodged            ||    87

Table legend: (Time is in decaauts)
 A = Elapsed time spent in this place.
 B = Non-inter-level travel time spent in this place.
 C = Inter-level travel time spent in this place.
 D = Time resting spent in this place.
 E = Time spent auto-exploring this place.
 F = Levels seen in this place.
 G = Mean time per level.
                   A        B        C        D        E       F      G
               +--------+--------+--------+--------+--------+-----+--------+
         Total |   1334 |   1330 |      4 |      0 |   1149 |   2 |  667.0 |
       Dungeon |   1334 |   1330 |      4 |      0 |   1149 |   2 |  667.0 |
               +--------+--------+--------+--------+--------+-----+--------+

Top non-repeatable levels by time:
     D:1: 1283 daAuts
     D:2: 50 daAuts
